AoeStats
← HR Pinkman

Nomad

510022071Analyzed
3v3 RM · 2d ago on Sep 29, 2026· 19m 19s· 6 players
Game mode
Random Map
Map size
210×210
Population
200
Speed
Normal
Resources
Standard
Victory
Conquest
Starting age
Dark Age
Ending age
Imperial Age
RankedLock teamsTeams togetherTeam positionsShared explorationLock speedFull tech treeHidden civsTurbo modeCheats
Victory
Defeat
🇨🇱 Italians · Chile
1891
+4
🇨🇱 Tupi · Chile
1789
+7
🇺🇸 Franks · United States
1773
+7
🇲🇽 Aztecs · Mexico
1571
-6
🇺🇾 Malians · Uruguay
1551
-6
🇦🇷 Ethiopians · Argentina
1549
-6
Freidle
5:17 Loom
12:06 Feudal Age
17:06 Castle Age
15:34 Double-Bit Axe
16:28 Fishing Lines
16:53 Town Watch
17:20 Scale Barding Armor
19:07 Chain Barding Armor
19:32 Forging
HR Pinkman
8:09 Loom
11:34 Feudal Age
15:23 Double-Bit Axe
19:26 Castle Age
17:54 Forging
neromelnick
11:19 Feudal Age
11:33 Loom
19:56 Castle Age
18:07 Double-Bit Axe
18:52 Gold Mining
18:44 Horse Collar
18:58 Stone Mining
[IMGG] oso anti pro
5:28 Loom
14:28 Feudal Age
18:10 Castle Age
16:38 Double-Bit Axe
19:20 Town Watch
le ignacio
4:52 Loom
13:20 Feudal Age
15:21 Town Watch
18:16 Castle Age
16:56 Double-Bit Axe
16:52 Horse Collar
18:36 Fletching
18:24 Crossbowman
19:23 Bodkin Arrow
[GGnT] Nanito_Uy
5:03 Loom
12:55 Feudal Age
16:54 Castle Age
15:31 Horse Collar
16:30 Double-Bit Axe
17:51 Gold Mining
Connection lost

Rejoining the realm…

Still unreachable

The connection could not be restored.

Session expired

The server has moved on; the page needs a fresh start.